 Dungeon Crawl Stone Soup version 0.22.0 (webtiles) character file.

855 Lew the Sneak (level 8, -1/81 HPs)
             Began as an Octopode Fighter on Aug 10, 2018.
             Was a Follower of Cheibriados.
             Killed from afar by Dowan (20 damage)
             ... with a shard of ice
             ... on level 5 of the Dungeon.
             The game lasted 00:19:01 (5811 turns).

Lew the Sneak (Octopode Fighter)                    Turns: 5811, Time: 00:19:01

Health: -1/81      AC:  1    Str: 25    XL:     8   Next: 1%
Magic:  8/8        EV: 13    Int: 12    God:    Cheibriados [*.....]
Gold:   262        SH: 10    Dex: 13    Spells: 7/7 levels left

rFire    . . .     SeeInvis .   h - +4 spear
rCold    + + .     Gourm    .   b - +0 shield
rNeg     . . .     Faith    .   (helmet restricted)
rPois    .         Spirit   .   (no amulet)
rElec    .         Reflect  .   p - ring of resist corrosion
rCorr    +         Harm     .   i - ring of protection from cold
MR       .....                  t - ring of protection from cold
Stlth    ..........             (no ring)
HPRegen  0.23/turn              (no ring)
MPRegen  0.11/turn              (no ring)
                                (no ring)
                                (no ring)

@: berserking, glowing, very slow
A: almost no armour, stealthy swim, amphibious, 8 rings, constrict 8, tentacle
spike 1, camouflage 1, gelatinous body 1, MP-powered wands
a: Bend Time, Renounce Religion


You were on level 5 of the Dungeon.
You worshipped Cheibriados.
Cheibriados was aware of your devotion.
You were not hungry.

You visited 2 branches of the dungeon, and saw 6 of its levels.

You collected 262 gold pieces.

Inventory:

Hand Weapons
 a - a +1 trident
 h - a +4 spear (weapon)
Missiles
 k - a throwing net (quivered)
 n - 4 silver tomahawks
Armour
 b - a +0 shield (worn)
Jewellery
 i - a ring of protection from cold (right tentacle)
 p - a ring of resist corrosion (left tentacle)
 t - a ring of protection from cold (on tentacle)
Wands
 l - a wand of acid (12)
 q - a wand of polymorph (17)
 r - a wand of flame (49)
 s - a wand of paralysis (17)
Scrolls
 f - 2 scrolls of remove curse
 g - a scroll of brand weapon {unknown}
 m - a scroll of amnesia
 o - a scroll of enchant weapon
 u - a scroll of identify
Potions
 c - 3 potions of cancellation
 e - a potion of flight
 j - a potion of curing
Comestibles
 d - 9 rations


   Skills:
 + Level 4.9 Fighting
 + Level 4.3 Polearms
 + Level 4.9 Dodging
 + Level 5.3 Stealth
 + Level 4.8 Shields


You had 7 spell levels left.
You didn't know any spells.
Your spell library contained the following spells:

 Spells                   Type           Power        Failure   Level  Hunger
 Apportation              Tloc           #.....       77%         1    ##.....
 Summon Small Mammal      Summ           #...         77%         1    ##.....
 Animate Skeleton         Necr           N/A          77%         1    ##.....
 Confusing Touch          Hex            #.....       77%         1    ##.....


Dungeon Overview and Level Annotations

Branches:
Dungeon (5/15)             Temple (1/1) D:4

Altars:
Ashenzari
Cheibriados
Elyvilon
Fedhas
Gozag
Hepliaklqana
Kikubaaqudgha
Makhleb
Nemelex Xobeh
Okawaru
Qazlal
Sif Muna
Trog
Uskayaw
Vehumet
Wu Jian
Xom
Yredelemnul
Zin

Annotations:
D:4 Eustachio
D:5 Dowan


Innate Abilities, Weirdness & Mutations

You cannot wear most types of armour.
You are very stealthy in the water. (Stealth+)
You are amphibious.
You can wear up to eight rings at the same time.
You can use your tentacles to constrict eight enemies at once.
Your skin changes colour to match your surroundings (Stealth+).
Your rubbery body absorbs attacks. (AC +1, EV +1)
One of your tentacles bears a spike.
You expend magic power (3 MP) to strengthen your wands.


Message History

Duvessa hits you with a short sword!
Okay, then.
It was a potion of berserk rage.
A red film seems to cover your vision as you go berserk!
Cheibriados protects you from inadvertent hurry.
You feel mighty!
You constrict Duvessa. You block Duvessa's attack.
You are too berserk!
You hit Duvessa.
You pierce Duvessa, but do no damage.
Duvessa is severely wounded.
You constrict Duvessa. Duvessa hits you with a short sword!
* * * LOW HITPOINT WARNING * * *
You hit Duvessa.
You pierce Duvessa!
You kill Duvessa!
Cheibriados thoroughly appreciates the change of pace.
Dowan screams, "No!
Oh no!"
Dowan seems to find hidden reserves of power!
You have reached level 8!
Dowan casts a spell at you. The shard of ice hits you! You partially resist.
You die...

..... ##.##.####......<..
.....)..# #.##.# ####'#....
........# #.##.# #.#....
.......e# #..#.#### #.#....
........####.#....####.#....
..........##....#....#.#....
#.........'.....#..#.#.#>...
#.........###..##..#.#.#..).
#........e)@.......#.#.#....
#.......!.####.###.#.#.#....
#.........##.......#...#####
#.........##.#>#########
#.........+..#.#
#.........## #.# #.###......
..# #. #.###### ##


You could see Dowan.

Vanquished Creatures
  Prince Ribbit (D:5)
  Duvessa (D:5)
  An ogre (D:4)
  2 scorpions (D:5)
  A howler monkey (D:4)
  A centaur skeleton (D:3)
  An orc priest (D:4)
  An orc wizard (D:5)
  A worker ant (D:4)
  Robin (D:2)
  5 adders
  A river rat (D:4)
  An ooze (D:5)
  4 worms
  5 dart slugs
  7 leopard geckos
  21 orcs
  4 ball pythons
  7 bats
  8 giant cockroaches
  10 hobgoblins
  3 jackals (D:5)
  10 kobolds
  2 quokkas
  5 frilled lizards
  15 goblins
  A leopard gecko skeleton (D:5)
  10 rats
130 creatures vanquished.

Notes
Turn   | Place    | Note
-------+----------+-------------------------------------------
     0 | D:1      | Lew the Octopode Fighter began the quest for the Orb.
     0 | D:1      | Reached XP level 1. HP: 16/16 MP: 1/1
    38 | D:1      | Reached XP level 2. HP: 21/21 MP: 2/2
    40 | D:1      | Reached skill level 1 in Stealth
   129 | D:1      | You fall through a shaft!
   191 | D:1      | Reached XP level 3. HP: 23/26 MP: 3/3
   557 | D:2      | Gained mutation: You expend magic power (3 MP) to strengthen your wands. [potion of mutation]
   557 | D:2      | Gained mutation: One of your tentacles bears a spike. [potion of mutation]
   678 | D:2      | Noticed Robin
   681 | D:2      | Reached skill level 2 in Stealth
   681 | D:2      | Reached XP level 4. HP: 26/31 MP: 4/4
   702 | D:2      | Killed Robin
  1926 | D:3      | Found a bloodstained altar of Trog.
  1944 | D:3      | Reached XP level 5. HP: 35/36 MP: 5/5
  2328 | D:3      | Reached skill level 3 in Stealth
  2653 | D:3      | Found a snail-covered altar of Cheibriados.
  2851 | D:4      | Reached XP level 6. HP: 31/43 MP: 6/6
  3384 | D:4      | Found a staircase to the Ecumenical Temple.
  3532 | D:4      | Noticed Eustachio
  3569 | D:4      | Reached skill level 4 in Stealth
  4495 | Temple   | Entered the Ecumenical Temple
  4805 | Temple   | Became a worshipper of Cheibriados the Contemplative
  4904 | D:5      | Entered Level 5 of the Dungeon
  4922 | D:5      | Reached XP level 7. HP: 47/49 MP: 7/7
  5293 | D:5      | Noticed Prince Ribbit
  5302 | D:5      | Killed Prince Ribbit
  5303 | D:5      | Reached * piety under Cheibriados
  5486 | D:5      | Reached skill level 5 in Stealth
  5628 | D:5      | Found an opulent altar of Gozag.
  5789 | D:5      | Noticed Dowan
  5790 | D:5      | Noticed Duvessa
  5811 | D:5      | Killed Duvessa
  5811 | D:5      | Reached XP level 8. HP: 19/54 MP: 8/8
  5811 | D:5      | Killed from afar by Dowan

Skill      XL: |  1  2  3  4  5  6  7 |
---------------+----------------------+-----
Stealth        | 1 2 3 4 5 |  5.3
Polearms       | 3 4 |  4.3
Fighting       | 4 |  4.9
Dodging        | 4 |  4.9
Shields        | 4 |  4.8

Action                   |  1- 3 |  4- 6 |  7- 9 || total
-------------------------+-------+-------+-------++-------
Melee: Trident           |    80 |    18 |       ||    98
       Constrict         |    17 |    32 |     7 ||    56
       Tentacles         |     6 |    24 |     4 ||    34
       Kick              |     3 |    26 |    16 ||    45
       Spear             |       |   145 |    43 ||   188
Evoke: Wand              |       |     2 |       ||     2
  Use: Scroll            |     9 |     7 |       ||    16
       Potion            |     1 |     5 |     1 ||     7
 Stab: Sleeping          |     7 |    12 |     2 ||    21
  Eat: Ration            |       |     4 |       ||     4
       Chunk             |       |     1 |       ||     1
Armor: Skin              |     4 |    10 |     1 ||    15
Dodge: Dodged            |    17 |    37 |     5 ||    59
Block: Shield            |    20 |    46 |    13 ||    79
